General information
- name: BNet
- type: Ladder team game (AT/RT)
- host: Battle.net
- saver: FOXMoon
map: Friends
- players: 8
- length: 38:25
- speed: Fast
- version: 1.26 W3XP
- replay type: Public
» download(195 KB)
Players
team 1 (winner)

»
pkdeese[zF] (
pink | 29 APM | 1092 actions | 37:57)
9 Blademaster
3 Wind Walk
3 Critical Strike
1 Bladestorm
2 Mirror Image
» actions
| Assign group hotkey | 7 | |
| Basic commands | 66 | |
| Build / train | 102 | |
| Enter build submenu | 39 | |
| Enter hero's abilities submenu | 9 | |
| Right click | 419 | |
| Select / deselect | 282 | |
| Select group hotkey | 39 | |
| Use ability | 129 | |
1092 total
» units
» upgrades
| Ensnare | 1 | |
| Pillage | 1 | |
| Melee Weapons | 3 | |
| Armor | 2 | |
7 total
» buildings
| Altar of Storms | 3 | |
| Barracks | 1 | |
| Orc Burrow | 16 | |
| War Mill | 1 | |
| Watch Tower | 4 | |
| Stronghold | 2 | |
| Beastiary | 5 | |
| Fortress | 2 | |
| Voodoo Lounge | 2 | |
| Great Hall | 4 | |
40 total
» build order
00:11 Altar of Storms
00:14 Altar of Storms
00:17 Barracks
00:29 Orc Burrow
02:02 Orc Burrow
02:26 War Mill
02:38 Orc Burrow
04:07 Watch Tower
04:10 Watch Tower
04:25 Stronghold
05:09 Orc Burrow
05:11 Orc Burrow
07:28 Beastiary
07:30 Beastiary
07:34 Fortress
07:52 Voodoo Lounge
12:13 Great Hall
12:19 Watch Tower
12:21 Watch Tower
18:23 Beastiary
18:26 Beastiary
18:29 Orc Burrow
18:31 Orc Burrow
18:32 Orc Burrow
18:34 Orc Burrow
19:28 Orc Burrow
21:12 Orc Burrow
23:43 Orc Burrow
24:18 Orc Burrow
24:48 Great Hall
24:52 Great Hall
25:06 Stronghold
28:55 Altar of Storms
29:08 Orc Burrow
29:46 Beastiary
30:36 Great Hall
33:15 Voodoo Lounge
33:29 Orc Burrow
34:18 Fortress
35:38 Orc Burrow
» items
| Healing Salve | 4 | |
| Lesser Clarity Potion | 3 | |
| Orb of Lightning | 2 | |
| Potion of Healing | 4 | |
| Potion of Mana | 1 | |
| Scroll of Speed | 1 | |
15 total
FOXMoon (
red | 62 APM | 2377 actions | 38:25)
9 Priestess of the Moon
3 Searing Arrows
3 Trueshot Aura
1 Starfall
2 Scout
» actions
| Assign group hotkey | 180 | |
| Basic commands | 84 | |
| Build / train | 91 | |
| Enter build submenu | 16 | |
| Enter hero's abilities submenu | 10 | |
| Remove unit from queue | 1 | |
| Right click | 1365 | |
| Select / deselect | 403 | |
| Select group hotkey | 182 | |
| Use ability | 45 | |
2377 total
» units
| Wisp | 13 | |
| Archer | 28 | |
| Glaive Thrower | 2 | |
| Hippogryph | 19 | |
| Druid of the Talon | 2 | |
64 total
» upgrades
| Strength of the Moon | 2 | |
| Reinforced Hides | 2 | |
| Hippogryph Taming | 1 | |
| Improved Bows | 1 | |
| Druid of the Talon Training | 1 | |
7 total
» buildings
| Ancient of War | 1 | |
| Moon Well | 6 | |
| Altar of Elders | 1 | |
| Hunter's Hall | 1 | |
| Tree of Ages | 4 | |
| Ancient of Wonders | 1 | |
| Ancient Protector | 1 | |
| Ancient of Wind | 2 | |
17 total
» build order
00:08 Ancient of War
00:42 Moon Well
00:57 Altar of Elders
01:53 Moon Well
02:25 Hunter's Hall
03:33 Moon Well
03:52 Tree of Ages
03:52 Tree of Ages
03:52 Tree of Ages
04:07 Ancient of Wonders
05:03 Ancient Protector
05:27 Moon Well
06:37 Ancient of Wind
07:20 Ancient of Wind
08:13 Moon Well
10:52 Moon Well
» items
| Scroll of Regeneration | 1 | |
| Potion of Healing | 1 | |
2 total
fukkislam (
purple | 35 APM | 1312 actions | 37:57)
9 Mountain King
3 Storm Bolt
3 Bash
1 Avatar
2 Thunder Clap
9 Firelord
3 Soul Burn
3 Summon Lava Spawn
1 Volcano
2 Incinerate
» actions
| Assign group hotkey | 21 | |
| Build / train | 85 | |
| Enter build submenu | 24 | |
| Enter hero's abilities submenu | 18 | |
| Give item / drop item | 2 | |
| Remove unit from queue | 1 | |
| Right click | 435 | |
| Select / deselect | 346 | |
| Select group hotkey | 271 | |
| Use ability | 109 | |
1312 total
» units
| Peasant | 8 | |
| Footman | 8 | |
| Dragonhawk Rider | 9 | |
| Gryphon Rider | 7 | |
| Knight | 6 | |
38 total
» upgrades
| Swords | 2 | |
| Armor | 2 | |
| Lumber Harvesting | 1 | |
| Cloud | 1 | |
| Storm Hammers | 1 | |
| Animal War Training | 1 | |
8 total
» buildings
| Farm | 13 | |
| Barracks | 1 | |
| Altar of Kings | 1 | |
| Keep | 2 | |
| Blacksmith | 1 | |
| Lumber Mill | 1 | |
| Gryphon Aviary | 2 | |
| Arcane Vault | 1 | |
| Castle | 1 | |
| Scout Tower | 1 | |
| Town Hall | 1 | |
25 total
» build order
00:39 Farm
00:45 Barracks
01:02 Altar of Kings
01:16 Farm
02:02 Farm
02:43 Farm
04:28 Keep
04:32 Blacksmith
04:54 Lumber Mill
05:51 Farm
08:17 Gryphon Aviary
08:31 Arcane Vault
08:36 Gryphon Aviary
08:38 Castle
09:43 Farm
10:34 Farm
11:28 Farm
12:16 Farm
13:09 Farm
14:04 Farm
27:04 Farm
31:14 Scout Tower
32:49 Town Hall
36:26 Farm
36:29 Keep
» items
| Potion of Healing | 9 | |
| Lesser Clarity Potion | 3 | |
| Scroll of Town Portal | 1 | |
| Scroll of Regeneration | 2 | |
15 total

»
JBlake (
green | 26 APM | 982 actions | 37:57)
9 Pandaren Brewmaster
3 Breath of Fire
2 Drunken Brawler
1 Storm Earth and Fire
3 Drunken Haze
» actions
| Basic commands | 26 | |
| Build / train | 105 | |
| Enter build submenu | 19 | |
| Enter hero's abilities submenu | 9 | |
| Give item / drop item | 1 | |
| Remove unit from queue | 5 | |
| Right click | 466 | |
| Select / deselect | 289 | |
| Use ability | 62 | |
982 total
» units
| Peon | 12 | |
| Grunt | 10 | |
| Forest Troll Shadow Priest | 2 | |
| Forest Troll Berserker | 1 | |
| Ogre Mauler | 3 | |
| Mud Golem | 1 | |
| Troll Headhunter/Berserker | 42 | |
| Tauren | 3 | |
74 total
» upgrades
| Pillage | 1 | |
| Troll Regeneration | 1 | |
| Berserker Upgrade | 1 | |
| Ranged Weapons | 1 | |
| Armor | 1 | |
5 total
» buildings
| Altar of Storms | 1 | |
| Orc Burrow | 6 | |
| Barracks | 2 | |
| War Mill | 1 | |
| Stronghold | 2 | |
| Voodoo Lounge | 1 | |
| Fortress | 1 | |
| Tauren Totem | 1 | |
| Watch Tower | 3 | |
| Great Hall | 3 | |
21 total
» build order
00:12 Altar of Storms
00:25 Orc Burrow
00:54 Barracks
02:06 Orc Burrow
03:05 Orc Burrow
04:14 War Mill
04:20 Orc Burrow
06:42 Stronghold
06:52 Voodoo Lounge
09:47 Barracks
11:23 Fortress
16:31 Tauren Totem
19:47 Orc Burrow
19:54 Orc Burrow
20:00 Watch Tower
20:10 Watch Tower
20:16 Watch Tower
23:57 Great Hall
24:02 Great Hall
30:21 Stronghold
32:08 Great Hall
» items
| Healing Salve | 3 | |
| Scroll of Town Portal | 2 | |
| Potion of Healing | 2 | |
| The Lion Horn of Stormwind | 1 | |
8 total
team 2 (loser)
BigSlick-AK (
orange | 47 APM | 1741 actions | 37:09)
8 Archmage
3 Summon Water Elemental
3 Brilliance Aura
1 Mass Teleport
1 Blizzard
6 Paladin
2 Holy Light
3 Divine Shield
1 Resurrection
2 Keeper of the Grove
1 Entangling Roots
1 Force of Nature
» actions
| Assign group hotkey | 13 | |
| Basic commands | 147 | |
| Build / train | 103 | |
| Enter build submenu | 28 | |
| Enter hero's abilities submenu | 16 | |
| Give item / drop item | 1 | |
| Right click | 493 | |
| Select / deselect | 247 | |
| Select group hotkey | 576 | |
| Use ability | 117 | |
1741 total
» units
| Peasant | 17 | |
| Rifleman | 22 | |
| Mortar Team | 3 | |
| Hippogryph | 3 | |
| Siege Engine | 7 | |
| Knight | 3 | |
| Wisp | 3 | |
| Archer | 2 | |
60 total
» upgrades
| Gunpowder | 2 | |
| Armor | 2 | |
| Long Rifles | 1 | |
| Reinforced Hides | 1 | |
| Strength of the Wild | 1 | |
| Barrage | 1 | |
| Swords | 1 | |
| Plating | 1 | |
10 total
» buildings
| Altar of Kings | 1 | |
| Farm | 10 | |
| Blacksmith | 1 | |
| Barracks | 1 | |
| Lumber Mill | 1 | |
| Scout Tower | 1 | |
| Arcane Tower | 1 | |
| Keep | 1 | |
| Arcane Vault | 1 | |
| Workshop | 1 | |
| Castle | 1 | |
| Ancient of Wind | 2 | |
| Moon Well | 3 | |
| Tree of Life | 1 | |
| Town Hall | 1 | |
27 total
» build order
00:11 Altar of Kings
00:17 Farm
01:03 Blacksmith
01:32 Barracks
01:54 Farm
02:05 Lumber Mill
02:24 Farm
02:44 Farm
02:51 Scout Tower
03:53 Arcane Tower
04:23 Farm
05:23 Farm
06:21 Keep
08:26 Arcane Vault
09:27 Workshop
09:46 Farm
11:21 Castle
11:36 Farm
12:08 Ancient of Wind
12:14 Ancient of Wind
12:34 Farm
12:38 Farm
13:34 Moon Well
16:28 Tree of Life
18:12 Town Hall
23:59 Moon Well
24:54 Moon Well
» items
| Lesser Clarity Potion | 2 | |
| Scroll of Regeneration | 5 | |
| Scroll of Town Portal | 2 | |
| Potion of Healing | 2 | |
11 total
LTMmusic (
yellow | 26 APM | 995 actions | 37:56)
8 Blood Mage
3 Flame Strike
2 Siphon Mana
1 Summon Phoenix
2 Banish
2 Priestess of the Moon
2 Trueshot Aura
2 Paladin
1 Holy Light
1 Divine Shield
» actions
| Assign group hotkey | 16 | |
| Build / train | 85 | |
| Enter build submenu | 24 | |
| Enter hero's abilities submenu | 12 | |
| Remove unit from queue | 4 | |
| Right click | 388 | |
| Select / deselect | 348 | |
| Select group hotkey | 44 | |
| Use ability | 74 | |
995 total
» units
| Peasant | 11 | |
| Rifleman | 12 | |
| Siege Engine | 15 | |
| Knight | 4 | |
| Gryphon Rider | 1 | |
43 total
» upgrades
| Gunpowder | 3 | |
| Armor | 2 | |
| Long Rifles | 1 | |
| Lumber Harvesting | 1 | |
| Barrage | 1 | |
| Plating | 2 | |
| Animal War Training | 1 | |
11 total
» buildings
| Altar of Kings | 1 | |
| Blacksmith | 1 | |
| Farm | 15 | |
| Scout Tower | 1 | |
| Lumber Mill | 1 | |
| Arcane Tower | 1 | |
| Barracks | 1 | |
| Keep | 1 | |
| Arcane Vault | 1 | |
| Castle | 1 | |
| Workshop | 2 | |
| Tree of Life | 1 | |
27 total
» build order
00:11 Altar of Kings
00:14 Blacksmith
00:23 Farm
01:05 Scout Tower
01:26 Lumber Mill
02:34 Arcane Tower
02:43 Barracks
02:55 Farm
04:15 Farm
04:20 Keep
04:28 Arcane Vault
05:37 Farm
05:40 Farm
07:08 Farm
08:38 Farm
08:43 Castle
09:29 Farm
10:11 Farm
10:53 Farm
11:11 Workshop
11:13 Workshop
12:30 Farm
13:36 Farm
16:09 Farm
21:04 Farm
25:11 Farm
27:54 Tree of Life
» items
| Scroll of Regeneration | 2 | |
| Scroll of Town Portal | 2 | |
| Orb of Fire | 1 | |
| Potion of Healing | 3 | |
| Potion of Mana | 2 | |
10 total
Charro (
teal | 28 APM | 953 actions | 33:51)
5 Archmage
3 Summon Water Elemental
2 Brilliance Aura
4 Blood Mage
2 Siphon Mana
2 Flame Strike
» actions
| Build / train | 73 | |
| Enter build submenu | 23 | |
| Enter hero's abilities submenu | 9 | |
| Right click | 478 | |
| Select / deselect | 307 | |
| Use ability | 63 | |
953 total
» units
| Peasant | 6 | |
| Footman | 3 | |
| Rifleman | 6 | |
| Goblin Shredder | 1 | |
| Goblin Zeppelin | 1 | |
| Gryphon Rider | 13 | |
| Knight | 18 | |
48 total
» upgrades
| Armor | 3 | |
| Swords | 3 | |
| Masonry | 1 | |
| Storm Hammers | 1 | |
| Animal War Training | 1 | |
| Plating | 3 | |
12 total
» buildings
| Altar of Kings | 1 | |
| Barracks | 1 | |
| Farm | 13 | |
| Lumber Mill | 1 | |
| Blacksmith | 1 | |
| Keep | 1 | |
| Castle | 1 | |
| Gryphon Aviary | 3 | |
| Town Hall | 1 | |
| Tree of Life | 2 | |
25 total
» build order
00:16 Altar of Kings
00:21 Barracks
00:29 Farm
01:10 Farm
01:30 Lumber Mill
01:46 Farm
02:10 Blacksmith
02:36 Farm
03:19 Farm
04:20 Farm
04:22 Keep
05:54 Farm
09:31 Farm
09:33 Castle
09:45 Gryphon Aviary
09:48 Gryphon Aviary
09:52 Gryphon Aviary
11:03 Farm
12:22 Farm
14:07 Farm
14:25 Town Hall
14:49 Farm
15:42 Farm
26:16 Tree of Life
26:20 Tree of Life
kjl9566 (
blue | 54 APM | 634 actions | 11:44)
2 Keeper of the Grove
1 Force of Nature
1 Entangling Roots
1 Priestess of the Moon
1 Searing Arrows
» actions
| Assign group hotkey | 12 | |
| Basic commands | 37 | |
| Build / train | 48 | |
| Enter build submenu | 11 | |
| Enter hero's abilities submenu | 3 | |
| Right click | 238 | |
| Select / deselect | 223 | |
| Select group hotkey | 34 | |
| Use ability | 28 | |
634 total
» units
» upgrades
| Moon Armor | 1 | |
| Strength of the Moon | 1 | |
2 total
» buildings
| Altar of Elders | 1 | |
| Moon Well | 5 | |
| Ancient of War | 2 | |
| Tree of Ages | 2 | |
| Hunter's Hall | 1 | |
11 total
» build order
00:05 Altar of Elders
00:08 Moon Well
00:31 Ancient of War
01:46 Moon Well
02:25 Ancient of War
03:18 Tree of Ages
03:19 Tree of Ages
03:32 Hunter's Hall
04:55 Moon Well
08:19 Moon Well
10:44 Moon Well
Chat log
(00:47 / All) kjl9566: what up
(00:54 / All) fukkislam: eyyyy
(03:33 / Allies) JBlake: tech
(03:34 / Allies) JBlake: rush
(03:35 / Allies) JBlake: rush
(03:41 / Allies) JBlake: nvm
(03:45 / Allies) JBlake: two AOW
(04:43 / Allies) fukkislam: ok lets hit
(04:46 / Allies) FOXMoon: k
(09:15 / Allies) JBlake: hit again soon?
(09:18 / Allies) fukkislam: k
(09:23 / Allies) FOXMoon: k
(10:22 / Allies) pkdeese[zF]: help me get this red
(10:31 / Allies) FOXMoon: k
(11:08 / Allies) JBlake: meet in 90 secs
(12:35 / Allies) JBlake: meet
(12:39 / All) fukkislam: Bye noobs its over
(12:43 / All) FOXMoon: gg
(12:47 / All) fukkislam: I know b4 shit even goes down
(12:52 / All) fukkislam: How did i know?
(12:55 / All) fukkislam: are you that bad?
(13:37 / Allies) JBlake: go
(18:39 / Allies) fukkislam: thats why we lost
(18:41 / Allies) fukkislam: green went afk
(19:01 / Allies) fukkislam: those tauren u never got wud have been nice
(24:19 / Allies) fukkislam: wait for us pink
(24:44 / Allies) fukkislam: gold plz
(25:11 / Allies) FOXMoon: anyone need tons of lumber?
(25:13 / Allies) FOXMoon: gave purp some
(26:08 / Allies) fukkislam: pink hit tanks
(27:15 / Allies) JBlake: net hero
(28:22 / All) fukkislam: i said leave wtf
(28:57 / Allies) JBlake: red rebuild
(28:58 / Allies) fukkislam: already hit it
(29:00 / Allies) fukkislam: hit yellow
(29:01 / Allies) fukkislam: he has tanks
(30:45 / Allies) JBlake: tanks
(30:48 / Allies) JBlake: coming for us
(31:26 / Allies) fukkislam: help pinki
(32:55 / Allies) FOXMoon: repair
(33:03 / All) FOXMoon: this was a 2v4
(33:08 / All) FOXMoon: and you noobs still lost
(33:24 / Allies) fukkislam: end this now
(33:27 / Allies) fukkislam: b4 they get more units come on noobs
(33:29 / Allies) fukkislam: lets go
(33:29 / Allies) FOXMoon: counter and kill
(33:30 / All) LTMmusic: 2v4? who has 4? because blue was the first to go
(33:38 / All) FOXMoon: you
(33:43 / All) FOXMoon: blue got raped, but we only had 2
(33:53 / All) fukkislam: Green was afk thats why u even killed a base
(34:11 / Allies) fukkislam: cmon
(34:28 / All) FOXMoon: level 9, bitches
(34:52 / All) FOXMoon: prepare to be MOON STRUCK
(36:38 / All) FOXMoon: get raped, SON
(37:11 / All) FOXMoon: RAPED
(37:19 / All) fukkislam: Bye noobs
(37:21 / All) FOXMoon: WE WON 2v4 AND YOU WERE STILL RAPED
(37:22 / All) FOXMoon: LMAO
(37:24 / Allies) pkdeese[zF]: pretty sick expo
(37:30 / Allies) FOXMoon: lmao
(37:31 / Allies) FOXMoon: nice
(37:43 / All) LTMmusic: 2v3 with more than 2 players heros
(37:47 / All) fukkislam: blablabla
(37:49 / All) fukkislam: BYE NOOB
(37:50 / All) LTMmusic: don't flatter yourself too much
(37:53 / All) FOXMoon: raped
(37:57 / All) fukkislam: nigga we had afker whole game